[Event "Late-Titled-Tuesday-Blitz-April-23-2024"]
[Site "Chess.com"]
[Date "2024.04.23"]
[Round "10"]
[White "emeli_chess"]
[Black "Bykov_Egor"]
[Result "0-1"]
[WhiteElo "2474"]
[BlackElo "2620"]
[TimeControl "180+1"]
[EndTime "15:58:21 PDT"]
[Termination "Bykov_Egor won by resignation"]

1. d4 Nf6 2. c4 e6 3. Nc3 Bb4 4. Qc2 O-O 5. e4 d5 6. e5 Ne4 7. Bd3 c5 8. Nf3 cxd4 9. Nxd4 Nd7 10.
Bf4 Ndc5 11. O-O Bxc3 12. bxc3 Nxd3 13. Qxd3 Nc5 14. Qg3 Ne4 15. Qe3 Qe7 16. cxd5 exd5 17. f3 Nc5 18. Bg5 f6 19. exf6 Qxe3+ 20. Bxe3 Rxf6 21.
Nb5 Ne6 22. Rfd1 a6 23. Nd6 Nc7 24. Nxc8 Rxc8 25. Bd4 Re6 26. Re1 Rce8 27. Kf2 Nb5 28.
Rxe6 Rxe6 29. Rd1 Kf7 30. a4 Nc7 31. f4 g6 32. Be5 Rc6 33. Bxc7 Rxc7 34. Rxd5 Ke6 35.
Re5+ Kd6 36. Re3 Rc4 37. Kf3 Rxa4 38. g4 Ra1 39. f5 Rf1+ 40. Ke4 g5 41. Rd3+ Ke7 42.
Ke5 Re1+ 43. Kd5 Rg1 44. h3 Rb1 45. Re3+ Kf7 46. Re6 Rb5+ 47. Ke4 a5 48. Rh6 Kg7 49. Rd6 a4 50. Rd7+ Kf6 51. Rxh7 a3 52. Rh8 Ra5 53.
Rh6+ Kg7 54. Rg6+ Kf7 55. Rxg5 a2 56. f6 Rxg5 0-1

[Event "Late-Titled-Tuesday-Blitz-April-23-2024"]
[Site "Chess.com"]
[Date "2024.04.23"]
[Round "10"]
[White "artin10862"]
[Black "ReadySkate"]
[Result "1-0"]
[WhiteElo "2927"]
[BlackElo "2709"]
[TimeControl "180+1"]
[EndTime "15:58:22 PDT"]
[Termination "artin10862 won by resignation"]

1. e4 c5 2. Nf3 d6 3. Nc3 a6 4. d4 cxd4 5. Nxd4 Nf6 6. Bg5 Nbd7 7. Qe2 h6 8. Bh4 e6 9. f4 Be7 10. Bf2 Qc7 11. g4 g6 12. Nb3 b5 13. O-O-O Bb7 14. Bg2 O-O-O 15. h4 h5 16. g5 Ng4 17. Bd4 Rhe8 18. Rh3 Kb8 19. a4 e5 20. Bg1 b4 21.
Nd5 Bxd5 22. exd5 Kb7 23. Qe4 Rb8 24. f5 gxf5 25. Qxf5 f6 26. g6 Bf8 27. Qxh5 Nh6 28. Qe2 f5 29. Bf1 Ra8 30. Kb1 Rec8 31. c3 Nc5 32. Nxc5+ dxc5 33. Be3 f4 34. Bg1 Nf5 35. d6 Nxd6 36. Bg2+ Ka7 37. cxb4 e4 38. bxc5 Nb7 39. c6+ Nc5 40. Rc1 Qb6 41. Bxe4 Rab8 42. Qc2 Qa5 43. Bxc5+ Bxc5 44. Qxc5+ Qxc5 45. Rxc5 Rb4 46. Bc2 Kb6 47.
Rg5 Rd4 48. g7 Rdd8 49. h5 f3 50. Rxf3 1-0

[Event "Late-Titled-Tuesday-Blitz-April-23-2024"]
[Site "Chess.com"]
[Date "2024.04.23"]
[Round "10"]
[White "Nf3c5"]
[Black "stasOR4ik"]
[Result "1-0"]
[WhiteElo "2621"]
[BlackElo "2472"]
[TimeControl "180+1"]
[EndTime "15:58:22 PDT"]
[Termination "Nf3c5 won by resignation"]

1. e4 c6 2. d4 d5 3. exd5 cxd5 4. Bd3 Nc6 5. c3 Nf6 6. Bf4 Bg4 7. Qb3 Qd7 8. Nd2 e6 9. Ngf3 Bd6 10. Bxd6 Qxd6 11. O-O O-O 12. Rae1 Ne7 13. Ne5 Bf5 14.
Bxf5 Nxf5 15. g4 Nh4 16. f4 h5 17. h3 Nh7 18. Qd1 f6 19. Nd3 Qa6 20. Qe2 Rae8 21. Nc5 Qxe2 22. Rxe2 e5 23. fxe5 fxe5 24. Rxf8+ Kxf8 25. Nd7+ Kg8 26. Nxe5 Ng5 27. Kh2 Nhf3+ 28. Ndxf3 Nxf3+ 29. Kg3 Ng5 30. gxh5 Rf8 31. Ng6 Rd8 32.
Re7 Ne4+ 33. Kh4 Nd6 34. Re5 Nf7 35. Rxd5 Re8 36. Rd7 Re4+ 37. Kg3 Re3+ 38. Kf4 Rxh3 39. Rxb7 Rxh5 40. Rxa7 Rh2 41. Rb7 Rf2+ 42. Ke3 Rf1 43. Ne5 Nd6 44. Rb8+ Kh7 45. Kd3 g5 46. Rd8 Nf5 47.
Rd7+ Kh6 48. Rd8 g4 49. Rh8+ Kg5 50. Rg8+ Kf6 51. Nxg4+ Kf7 52. Ra8 Rf3+ 53. Ke4 Nd6+ 54. Kxf3 1-0

[Event "Late-Titled-Tuesday-Blitz-April-23-2024"]
[Site "Chess.com"]
[Date "2024.04.23"]
[Round "10"]
[White "platy3"]
[Black "BogdanDeac"]
[Result "0-1"]
[WhiteElo "2881"]
[BlackElo "3051"]
[TimeControl "180+1"]
[EndTime "15:58:23 PDT"]
[Termination "BogdanDeac won by resignation"]

1. e4 e5 2. Nf3 Nc6 3. Bc4 d6 4. d3 Na5 5. Bb5+ c6 6. Ba4 b5 7. Bb3 Be7 8. O-O Nf6 9. c3 Nxb3 10. axb3 O-O 11. h3 Re8 12. Re1 Bf8 13. Bg5 h6 14.
Bh4 g5 15. Bg3 Nh5 16. Bh2 Nf4 17. d4 Qf6 18. Nbd2 h5 19. Nf1 g4 20. hxg4 hxg4 21. N3d2 Qg5 22. Ne3 Bg7 23. Ndf1 exd4 24. cxd4 c5 25.
Bxf4 Qxf4 26. Nd5 Qg5 27. Nc7 Be6 28. d5 Bd7 29. Nxe8 Bxe8 30. Qd2 Qxd2 31. Nxd2 Bxb2 32. Ra6 Bc3 33. Rd1 Bb4 34. Nf1 c4 35. Ne3 cxb3 36.
Rb1 Bc5 37. Rxb3 Bd7 38. Kh2 Re8 39. f3 gxf3 40. gxf3 Kf8 41. Kg3 Kg7 42. Nc2 f5 43. Rc3 fxe4 44. Rxc5 dxc5 45. Rxa7 Re7 46. d6 Rf7 47.
fxe4 Kf6 48. Ne3 Ke5 49. Nd5 Kxd6 50. Nf4 Ke5 51. Nd3+ Kd4 52. Nf4 Kxe4 53. Rc7 Rxf4 0-1

[Event "Late-Titled-Tuesday-Blitz-April-23-2024"]
[Site "Chess.com"]
[Date "2024.04.23"]
[Round "10"]
[White "Cambek64"]
[Black "mjelcic"]
[Result "1-0"]
[WhiteElo "2524"]
[BlackElo "2373"]
[TimeControl "180+1"]
[EndTime "15:58:23 PDT"]
[Termination "Cambek64 won by resignation"]

1. e4 e5 2. Nf3 Nc6 3. Bb5 a6 4. Bxc6 dxc6 5. d4 exd4 6. Qxd4 Qxd4 7. Nxd4 Bc5 8. Be3 Nf6 9. f3 O-O 10. Nc3 Rd8 11. O-O-O Bb4 12. Nde2 Be6 13. Rxd8+ Rxd8 14. Rd1 Rxd1+ 15. Kxd1 h5 16. a3 Be7 17. Nf4 Bd7 18. Nd3 Be8 19. Bf4 Bd8 20. h4 b6 21. Nb4 a5 22. Na6 Nd7 23. g3 f6 24. Bxc7 Bxc7 25.
Nxc7 Bf7 26. b4 axb4 27. axb4 Ne5 28. f4 Nc4 29. Ke2 Kh7 30. b5 cxb5 31. N3xb5 g5 32. c3 Kg6 33. Nd4 gxh4 34. gxh4 Nd6 35. Kf3 Bc4 36.
Nd5 Bd3 37. Nxb6 Bxe4+ 38. Ke3 Bh1 39. c4 Nf5+ 40. Nxf5 Kxf5 41. Nd5 Ke6 42. Kd4 Bg2 43. Ne3 Ba8 44. Kc5 Kd7 45. Nf5 Bf3 46. Nd4 Bg4 47. Kd5 Kc7 48. c5 Kd7 49. c6+ Kc7 50. Kc5 Bh3 51. Nb5+ Kc8 52. Kd6 Kd8 53. Nc3 Ke8 54.
Nd5 Kf7 55. c7 Kg6 56. Ne3 Bc8 57. Ke7 Ba6 58. f5+ Kg7 59. Kd8 Kf7 60. Nd5 Bb7 61. c8=Q Bxc8 62. Kxc8 Ke8 63. Kc7 Kf7 64. Kd7 1-0

[Event "Late-Titled-Tuesday-Blitz-April-23-2024"]
[Site "Chess.com"]
[Date "2024.04.23"]
[Round "10"]
[White "dretch"]
[Black "LeninGuerra"]
[Result "1-0"]
[WhiteElo "2914"]
[BlackElo "2676"]
[TimeControl "180+1"]
[EndTime "15:58:24 PDT"]
[Termination "dretch won on time"]

1. d4 Nf6 2. c4 c5 3. d5 b5 4. Nf3 g6 5. cxb5 a6 6. bxa6 Bxa6 7. Nc3 d6 8. g3 Bg7 9. Bg2 O-O 10. O-O Nbd7 11. Qc2 Nb6 12. Rd1 Bc8 13. Nh4 Bd7 14.
b3 Qc7 15. Bb2 c4 16. Ne4 Nxe4 17. Bxe4 c3 18. Bc1 Rfb8 19. Be3 Ra3 20. Nf3 Rba8 21. Bd4 Bxd4 22. Nxd4 Qc5 23. Nf3 Qa5 24. Rdc1 Nxd5 25. Qd1 e6 26. Bxd5 exd5 27. Nd4 Rc8 28. Rc2 Qb4 29. Qd3 Rca8 30. Rac1 Rxa2 31. Rxc3 Ra1 32. Rxa1 Rxa1+ 33. Kg2 Rd1 34. Qxd1 Qxc3 35. Qd3 Qc1 36. b4 h5 37. b5 Qc5 38. h4 Bc8 39. e3 Bb7 40. Qc2 Qxc2 41. Nxc2 d4+ 42. Kf1 d3 43.
Nd4 Kf8 44. Ke1 Ke7 45. Kd2 d5 46. Kxd3 Kd6 47. Nb3 Ke5 48. Kc3 Kd6 49. Kd4 Bc8 50.
Nc5 Bf5 51. b6 Kc6 52. b7 Kc7 53. Kxd5 Bg4 54. Ke5 Bd1 55. Kf6 1-0

[Event "Late-Titled-Tuesday-Blitz-April-23-2024"]
[Site "Chess.com"]
[Date "2024.04.23"]
[Round "10"]
[White "JG-17"]
[Black "Meri-Arabidze"]
[Result "0-1"]
[WhiteElo "2551"]
[BlackElo "2675"]
[TimeControl "180+1"]
[EndTime "15:58:25 PDT"]
[Termination "Meri-Arabidze won on time"]

1. e4 c5 2. Nf3 e6 3. g3 Nc6 4. Bg2 Nf6 5. e5 Ng4 6. Qe2 Qc7 7. d4 cxd4 8. Bf4 d6 9. exd6 Bxd6 10. Bxd6 Qxd6 11.
O-O O-O 12. Rd1 e5 13. Nbd2 Be6 14. Nc4 Bxc4 15. Qxc4 Rad8 16. Re1 Rfe8 17. Rad1 h6 18. Nd2 Nf6 19. Ne4 Nxe4 20. Bxe4 Qb4 21. Qxb4 Nxb4 22. f4 exf4 23. gxf4 b6 24. a3 Na6 25. b4 Nc7 26.
Kf2 Nb5 27. Bd3 Nc3 28. Ra1 g6 29. a4 Kg7 30. Rxe8 Rxe8 31. b5 Kf6 32. a5 Nd5 33. axb6 axb6 34. Ra6 Rb8 35. Kf3 Nb4 36. Ra4 Nxd3 37. cxd3 Rd8 38. Ke4 Re8+ 39. Kxd4 Kf5 40. Kd5 Re6 41. Re4 Rxe4 42. dxe4+ Kxf4 43. Kc6 Kxe4 44. Kxb6 f5 45. Kc6 f4 46. b6 f3 47.
b7 f2 48. b8=Q f1=Q 49. Qe8+ Kf3 50. Qf7+ Ke2 51. Qe6+ Kf2 52. Kc5 Qc1+ 53. Kd4 Qd2+ 54. Kc5 Qg5+ 0-1

[Event "Late-Titled-Tuesday-Blitz-April-23-2024"]
[Site "Chess.com"]
[Date "2024.04.23"]
[Round "10"]
[White "ural58"]
[Black "Brahianzevich"]
[Result "1-0"]
[WhiteElo "2562"]
[BlackElo "2474"]
[TimeControl "180+1"]
[EndTime "15:58:25 PDT"]
[Termination "ural58 won on time"]

1. e4 c5 2. b3 d5 3. exd5 Qxd5 4.
Nc3 Qd8 5. Nf3 Nf6 6. Ne5 e6 7. Bb5+ Nbd7 8. Qf3 Qc7 9. Nxd7 Bxd7 10. O-O Bd6 11. Bxd7+ Qxd7 12. Bb2 O-O 13. Rfe1 Be7 14. Re3 Rfd8 15. Rd3 Qc7 16. Nb5 Qb6 17. a4 a6 18.
Na3 Rxd3 19. Qxd3 Qc6 20. a5 Rd8 21. Qe2 h5 22. Nc4 h4 23. h3 Qe4 24. Qxe4 Nxe4 25. d3 Nd6 26. Ne5 Nf5 27. Nf3 f6 28. Ra4 g5 29.
Rc4 Kf7 30. Ba3 Rd5 31. Nd2 Nd4 32. Ne4 f5 33. Nxc5 Nb5 34. Bb4 Nd6 35. Nxb7 Nxc4 36. bxc4 Rd7 37. Bxe7 Rxb7 38. Ba3 Rb1+ 39. Kh2 e5 40. g3 Ke6 41. gxh4 gxh4 42. Kg2 Ra1 43. Bb4 Ra2 44. c3 e4 45. dxe4 fxe4 46. Kf1 Ke5 47. Be7 Kf4 48. Bxh4 Kf3 49. Ke1 Rc2 50. c5 Rxc3 51. Be7 Rc4 52. h4 1-0

[Event "Late-Titled-Tuesday-Blitz-April-23-2024"]
[Site "Chess.com"]
[Date "2024.04.23"]
[Round "10"]
[White "1g60-1"]
[Black "Romkachess"]
[Result "1-0"]
[WhiteElo "2457"]
[BlackElo "2615"]
[TimeControl "180+1"]
[EndTime "15:58:25 PDT"]
[Termination "1g60-1 won by resignation"]

1. e4 e5 2. Nf3 Nc6 3. Bb5 a6 4. Ba4 Nf6 5. O-O Be7 6. Re1 b5 7. Bb3 d6 8. c3 O-O 9. h3 Nb8 10.
d4 Nbd7 11. Nbd2 Bb7 12. Bc2 c5 13. d5 Re8 14. c4 Nb6 15. Bd3 bxc4 16. Nxc4 Nxc4 17.
Bxc4 a5 18. Qa4 Ba6 19. Bxa6 Rxa6 20. Bd2 Qd7 21. Qc4 Qb7 22. b3 Rb8 23. Rab1 Nd7 24. Qc2 h6 25. Bc3 f5 26. exf5 Qxd5 27. Rbd1 Qf7 28.
Qd3 Raa8 29. Nd2 Nf6 30. Nc4 Rd8 31. Nxa5 e4 32. Qe2 d5 33. Nc6 Re8 34. Nxe7+ Rxe7 35. Qb5 d4 36. Bd2 Rc8 37. Rc1 Rec7 38. Bf4 Rc6 39.
Be5 Qd5 40. Bxf6 gxf6 41. a4 Qxf5 42. Qc4+ Kg7 43. a5 Qe6 44. Qc2 d3 45. Qd2 f5 46.
Re3 Kh7 47. Rg3 Qe5 48. Rc4 f4 49. Rg4 Rg6 50. Rxf4 Rcg8 51. g3 Kh8 52. Rcxe4 Qa1+ 53. Kg2 Qa2 54. Qxa2 d2 55. Qxd2 h5 56. Qc3+ Kh7 57.
Rf7+ Kh6 58. Qe3+ 1-0

[Event "Late-Titled-Tuesday-Blitz-April-23-2024"]
[Site "Chess.com"]
[Date "2024.04.23"]
[Round "10"]
[White "Mikhail_Golubev"]
[Black "N_I_Chess"]
[Result "1-0"]
[WhiteElo "2560"]
[BlackElo "2387"]
[TimeControl "180+1"]
[EndTime "15:58:27 PDT"]
[Termination "Mikhail_Golubev won on time"]

1. e4 Nf6 2. e5 Nd5 3. d4 d6 4. Nf3 g6 5. Bc4 Nb6 6. Bb3 Bg7 7. Ng5 d5 8. O-O h6 9. Nf3 O-O 10. h3 Na6 11. c3 c5 12. Be3 cxd4 13. cxd4 Bf5 14. Nc3 Rc8 15. Rc1 Nb4 16. Nh4 Bd3 17. Re1 Ba6 18. e6 Nd3 19. exf7+ Rxf7 20. Nxg6 Nxc1 21.
Bxc1 Qd6 22. Qg4 Qd7 23. Qxd7 Nxd7 24. Nxe7+ Rxe7 25. Rxe7 Nf6 26. Be3 Kf8 27. Re5 Bc4 28. Bxc4 dxc4 29. d5 Rd8 30. Bc5+ Kf7 31. Re7+ Kg6 32. d6 Rd7 33. Rxd7 Nxd7 34. Bxa7 Bxc3 35. bxc3 b6 36. g4 Kf6 37. f4 Ke6 38. g5 hxg5 39.
fxg5 Kxd6 40. g6 Ke6 41. h4 Kf6 42. h5 Kg7 43. Kf2 Kh6 44. Ke3 Kxh5 45. g7 Nf6 46.
Bxb6 Kg6 47. Bd4 Nd5+ 48. Ke4 Ne7 49. a4 Kf7 50. a5 Ke6 51. a6 Nd5 52. a7 1-0

[Event "Late-Titled-Tuesday-Blitz-April-23-2024"]
[Site "Chess.com"]
[Date "2024.04.23"]
[Round "10"]
[White "Airquake"]
[Black "Statham_01"]
[Result "0-1"]
[WhiteElo "2656"]
[BlackElo "2557"]
[TimeControl "180+1"]
[EndTime "15:58:28 PDT"]
[Termination "Statham_01 won on time"]

1. b3 e5 2. Bb2 Nc6 3. g3 d5 4. Bg2 h5 5. h4 Nf6 6. d3 Bc5 7. Nf3 Qe7 8. O-O Bg4 9. Nxe5 Nxe5 10. d4 Ned7 11. dxc5 Bxe2 12. Qd2 Bxf1 13. Kxf1 Nxc5 14. Nc3 O-O-O 15. Qd4 Qd6 16. Kg1 Ne6 17. Qxa7 Qa6 18. Qxa6 bxa6 19. Na4 Ne4 20. c4 f5 21. cxd5 Rxd5 22.
Rc1 Kb7 23. Bf3 Rd2 24. Rc4 Rhd8 25. Rb4+ Kc8 26. Bxe4 fxe4 27. Rxe4 Nd4 28. Kg2 Nf5 29. Rc4 Kb8 30. Be5 Ne3+ 31. Kf3 Nxc4 32. bxc4 Rxa2 33. Nc5 Ra5 34. Ne6 Rd3+ 35. Ke4 Rxe5+ 36. Kxe5 Rd7 37.
Nc5 Rd6 38. f4 a5 39. f5 Ka7 40. Na4 Rc6 41. Kd5 Rd6+ 42. Kc5 Rf6 43. Nc3 Rxf5+ 44.
Kc6 Kb8 45. Nd5 a4 46. Nb4 Rf6+ 47. Kb5 a3 48. Ka4 Rf3 49. Nc6+ Ka8 0-1

[Event "Late-Titled-Tuesday-Blitz-April-23-2024"]
[Site "Chess.com"]
[Date "2024.04.23"]
[Round "10"]
[White "azikom"]
[Black "Eloist"]
[Result "1-0"]
[WhiteElo "2696"]
[BlackElo "2456"]
[TimeControl "180+1"]
[EndTime "15:58:30 PDT"]
[Termination "azikom won by resignation"]

1. c4 e5 2. Nc3 Nf6 3. e3 Nc6 4. Nf3 Bb4 5. Qc2 d6 6. d3 O-O 7. Be2 Bf5 8. O-O Bxc3 9. Qxc3 e4 10. dxe4 Nxe4 11. Qe1 a5 12. Nd2 Nc5 13. f3 Nb4 14.
Qg3 Nc2 15. e4 Nxa1 16. exf5 Qe7 17. Bd1 Qe3+ 18. Kh1 Nd3 19. Nb3 Nxc1 20. Nxa1 Rfe8 21. f6 g6 22. Qh4 Nd3 23. Nc2 Qd2 24. h3 Qf4 25. Qxf4 Nxf4 26. Nd4 c6 27. Bc2 Re5 28. Rd1 Rae8 29. Rd2 h5 30. h4 d5 31. Bb3 a4 32.
Bxa4 dxc4 33. Kh2 Rd8 34. Nxc6 Rxd2 35. Nxe5 Rxg2+ 36. Kh1 Rxb2 37. Nxc4 b5 38. Nxb2 bxa4 39. Nxa4 Nd5 40. Nc5 Kf8 41. a4 Ke8 42. Kg2 Kd8 43.
Ne4 Kc7 44. Kg3 Kb6 45. Ng5 Nxf6 46. Nxf7 Ng8 47. Ne5 Ne7 48. Kf4 Ka5 49. Kg5 Kxa4 50. Nxg6 Nd5 51. Kxh5 Kb5 52. Kg5 Kc6 53. h5 Kd7 54. h6 Nc7 55. h7 Ne6+ 56. Kh6 1-0

[Event "Late-Titled-Tuesday-Blitz-April-23-2024"]
[Site "Chess.com"]
[Date "2024.04.23"]
[Round "10"]
[White "Jooonaaas1996"]
[Black "subham777"]
[Result "0-1"]
[WhiteElo "2441"]
[BlackElo "2549"]
[TimeControl "180+1"]
[EndTime "15:58:31 PDT"]
[Termination "subham777 won on time"]

1. e4 e6 2. d4 d5 3. Bd3 dxe4 4.
Bxe4 Nf6 5. Bf3 c5 6. Ne2 Be7 7. O-O O-O 8. dxc5 Bxc5 9. Nd2 Nc6 10. Ne4 Nxe4 11. Bxe4 Qe7 12. c3 e5 13. b4 Bb6 14.
a4 f5 15. Bd5+ Be6 16. Qb3 Bxd5 17. Qxd5+ Kh8 18. b5 Rad8 19. Qc4 Na5 20. Qa2 Bc5 21. Ba3 Bxa3 22. Qxa3 Qxa3 23. Rxa3 Rd2 24. Ng3 g6 25. Re1 Rfd8 26. h4 Rc2 27. Raa1 Nc4 28. Rac1 Ra2 29. Nf1 Rxa4 30. h5 Kg7 31. Ne3 Nxe3 32. Rxe3 e4 33. c4 Kf6 34. hxg6 hxg6 35. c5 Rc8 36. Rec3 Rb4 37.
c6 Rxb5 38. c7 a5 39. Rd1 Ke7 40. f3 exf3 41. gxf3 b6 42. Re1+ Kd6 43. Rd1+ Rd5 44. Rb1 Rxc7 45. Rxb6+ Kd7 46. Rxc7+ Kxc7 47. Rxg6 Kb7 48.
Kg2 a4 49. Kg3 a3 50. Kf4 a2 51. Rg1 Ra5 52. Ra1 Kc6 53. Kg5 Kd6 54. f4 Ke6 55. Re1+ Kd6 56. Ra1 Ke6 57. Re1+ Kf7 58. Ra1 Kg7 59.
Kh5 Kf6 60. Kh4 Ra3 0-1

[Event "Late-Titled-Tuesday-Blitz-April-23-2024"]
[Site "Chess.com"]
[Date "2024.04.23"]
[Round "10"]
[White "kai_nov"]
[Black "Licancabur"]
[Result "0-1"]
[WhiteElo "2283"]
[BlackElo "2474"]
[TimeControl "180+1"]
[EndTime "15:58:31 PDT"]
[Termination "Licancabur won on time"]

1. d4 d5 2. c4 dxc4 3. e4 Nc6 4. Nf3 Bg4 5. d5 Ne5 6. Bf4 Ng6 7. Bg3 e5 8. Bxc4 Bd6 9. Bb5+ Bd7 10. Bxd7+ Qxd7 11. Nbd2 Nf6 12. O-O O-O 13. Qb3 Rab8 14. Rac1 a6 15. Qd3 Nh5 16. Nc4 Nhf4 17. Qd2 Qg4 18. Nxd6 cxd6 19.
Rc3 f5 20. exf5 Rxf5 21. Rfc1 Rbf8 22. Rc8 Nxg2 23. Rxf8+ Rxf8 24. Ng5 N2f4 25. Ne6 Nxe6 26. dxe6 Qxe6 27. Rc7 Qxa2 28. Qxd6 Qb1+ 29. Kg2 Qe4+ 30.
Kg1 a5 31. Qe6+ Kh8 32. Qd7 Rg8 33. Rc8 Qe1+ 34. Kg2 Qe4+ 35. Kg1 h5 36. Rxg8+ Kxg8 37. Qd8+ Kh7 38. Qxa5 h4 39. f3 Qb1+ 40. Kg2 hxg3 41. hxg3 Qxb2+ 42. Kh3 Qc2 43. Qd5 Qf5+ 44. Kg2 b6 45.
Qb3 Qf6 46. Qd3 Qe6 47. g4 Qc6 48. Kg3 Qc5 49. g5 Qg1+ 50. Kh3 Qh1+ 51. Kg4 Qg2+ 52. Kf5 Qh3+ 0-1

[Event "Late-Titled-Tuesday-Blitz-April-23-2024"]
[Site "Chess.com"]
[Date "2024.04.23"]
[Round "10"]
[White "chucksterf10"]
[Black "chedimir"]
[Result "1-0"]
[WhiteElo "2625"]
[BlackElo "2475"]
[TimeControl "180+1"]
[EndTime "15:58:37 PDT"]
[Termination "chucksterf10 won on time"]

1. f3 d5 2. Kf2 e5 3. e3 c5 4. d4 cxd4 5. exd4 exd4 6. Bb5+ Nc6 7. Ne2 Nf6 8. Nxd4 Bc5 9. Re1+ Be6 10. Be3 O-O 11. c3 Qb6 12. Bxc6 bxc6 13. b4 Bxd4 14. Bxd4 Qd8 15. Nd2 Re8 16. Nb3 Nd7 17. a4 Qb8 18. Kg1 Qd6 19. a5 Bf5 20. Qd2 a6 21. Re2 Rxe2 22.
Qxe2 Qe6 23. Qf2 Bd3 24. Re1 Qg6 25. Qe3 h6 26. Qe7 Nf8 27. Nc5 Bb5 28. Qb7 Rd8 29.
Nxa6 Ne6 30. Bf2 Qc2 31. Nc5 Qxc3 32. Nxe6 fxe6 33. a6 c5 34. a7 Qa3 35. Qxb5 Qxa7 36.
Qxc5 Qd7 37. Qe3 Kf7 38. h3 Rb8 39. Qc5 Qb7 40. Bg3 Rc8 41. Qd4 Rc4 42. Qe5 Rc6 43.
Rb1 Rb6 44. Qd4 g5 45. Kh2 Kg6 46. h4 Kf7 47. hxg5 hxg5 48. Qg4 Kg6 49. f4 Qh7+ 50. Kg1 Kf7 51. Rc1 Qe4 52. Rf1 Rxb4 53. fxg5+ Ke8 54. Qxe4 Rxe4 55. Kh2 Rg4 56. Rf6 1-0

[Event "Late-Titled-Tuesday-Blitz-April-23-2024"]
[Site "Chess.com"]
[Date "2024.04.23"]
[Round "10"]
[White "rikchessmx"]
[Black "ritanovikova"]
[Result "0-1"]
[WhiteElo "2280"]
[BlackElo "2192"]
[TimeControl "180+1"]
[EndTime "15:58:41 PDT"]
[Termination "ritanovikova won by checkmate"]

1. e4 e5 2. d4 exd4 3. Qxd4 Nc6 4. Qc4 Nf6 5. Nc3 Bb4 6. Bd2 O-O 7. O-O-O Re8 8. f3 a6 9. g4 b5 10. Qe2 Nd4 11. Qf2 c5 12. g5 Nh5 13. f4 Bb7 14.
Bg2 g6 15. Nd5 Bxd2+ 16. Rxd2 Bxd5 17. exd5 Qc7 18. c3 Nf5 19. d6 Qa5 20. Bxa8 Rxa8 21. Kb1 Qa4 22. Ne2 b4 23. Qxc5 bxc3 24. Qxc3 Qe4+ 25.
Qc2 Qxh1+ 26. Rd1 Qxh2 27. Qe4 Rc8 28. Rc1 Rb8 29. Rc2 Nxd6 30. Qe5 Qh1+ 31. Nc1 Rb6 32.
Rc7 Qe4+ 33. Ka1 Qxe5 34. fxe5 Ne4 35. Rxd7 Nf4 36. Nd3 Rc6 37. a3 Nc5 38. Nb4 Rb6 39.
Rd8+ Kg7 40. Nd5 Rc6 41. Nxf4 h6 42. e6 Nxe6 43. Nxe6+ Rxe6 44. Rd5 h5 45. Ra5 h4 46. Ka2 Re1 47. Rc5 Rh1 48. Rc2 h3 49. Rh2 Rxh2 50.
a4 Rh1 51. a5 h2 52. Kb3 Rg1 53.
Kb4 h1=Q 54. Kc5 Qe4 55. Kb6 Qf5 56. Kxa6 Rxg5 57. b4 Qb5+ 58. Ka7 Qxb4 59. Ka8 Qxa5+ 60. Kb7 Qb5+ 61. Kc8 Qe8+ 62. Kc7 Re5 63. Kb6 Re6+ 64. Ka5 Qb8 65. Ka4 Ra6# 0-1

[Event "Late-Titled-Tuesday-Blitz-April-23-2024"]
[Site "Chess.com"]
[Date "2024.04.23"]
[Round "10"]
[White "Slovak_fighter2000"]
[Black "xasid81"]
[Result "0-1"]
[WhiteElo "2543"]
[BlackElo "2673"]
[TimeControl "180+1"]
[EndTime "15:58:44 PDT"]
[Termination "xasid81 won on time"]

1. d4 g6 2. e4 Bg7 3. Nf3 a6 4. Bc4 b5 5. Bb3 Bb7 6. Qe2 e6 7. c3 Ne7 8. Bf4 O-O 9. Nbd2 d6 10. h3 Nd7 11. O-O Re8 12. a4 bxa4 13. Rxa4 Nb6 14. Raa1 d5 15. Bc2 a5 16. Ne5 a4 17. Ra2 Ba6 18.
Bd3 Bxd3 19. Qxd3 dxe4 20. Nxe4 Ned5 21. Bg3 f5 22. Nc5 f4 23. Bh2 Bxe5 24. dxe5 Nd7 25. Nxe6 Qe7 26. Qxd5 Qxe6 27. Qxe6+ Rxe6 28. Bxf4 Nxe5 29. Bxe5 Rxe5 30. Rfa1 Re2 31. b4 Rxa2 32. Rxa2 Kf7 33. Kf1 Ke6 34. Ke2 Kd5 35. Kd3 g5 36. c4+ Ke5 37. Kc3 Ke4 38. b5 a3 39. Kb4 Kd4 40.
Rxa3 c5+ 41. Kb3 Rf8 42. Ra2 Kd3 43. Ra7 Rxf2 44. Rd7+ Ke4 45. Rxh7 Rxg2 46. b6 Rg1 47. Ka4 Rb1 48. Ka5 Kd4 49. Ka6 Kxc4 50. Kb7 Kd3 51. Rd7+ Ke4 52. Rc7 Kd4 53. Rc6 c4 54. Kc7 c3 55. b7 Kd3 56. Rb6 c2 57. Rd6+ Ke3 58. Re6+ Kf3 59. Rb6 c1=Q+ 60. Rc6 Rxb7+ 61. Kxb7 Qf4 62. Rc3+ Kg2 0-1

[Event "Late-Titled-Tuesday-Blitz-April-23-2024"]
[Site "Chess.com"]
[Date "2024.04.23"]
[Round "10"]
[White "m_ezat"]
[Black "kylelancman"]
[Result "0-1"]
[WhiteElo "2604"]
[BlackElo "2497"]
[TimeControl "180+1"]
[EndTime "15:58:45 PDT"]
[Termination "kylelancman won by resignation"]

1. d4 d5 2. c4 e6 3. Nc3 Nf6 4.
cxd5 Nxd5 5. e4 Nxc3 6. bxc3 c5 7.
a3 cxd4 8. cxd4 e5 9. d5 Bc5 10. Nf3 Bg4 11. Qa4+ Nd7 12. Nxe5 Qf6 13. f4 O-O 14.
Bb2 Qb6 15. Nd3 Bf2+ 16. Nxf2 Qxb2 17. Nxg4 Qxa1+ 18. Kf2 Nc5 19. Qc4 Qxa3 20. Be2 Rac8 21. Qd4 Qa4 22. Qxa4 Nxa4 23. Ra1 Nc5 24. e5 Ra8 25. d6 a5 26. Bb5 a4 27. Ra3 Ra5 28.
Be2 b5 29. Ne3 b4 30. Ra1 a3 31. Nc4 Ra7 32. Rc1 a2 33. Ke3 a1=Q 34. Rxa1 Rxa1 35. Kd4 Ne6+ 36. Ke4 b3 37. f5 Nc5+ 38. Kd5 Na4 39. e6 fxe6+ 40. fxe6 Nc3+ 41. Kc6 Nxe2 42. e7 Nd4+ 43.
Kd5 Rd1 44. Nb2 Rd2 45. Nc4 Rd3 46. Nb2 Rd2 47. Nc4 Rf5+ 48. Ke4 Re2+ 49. Kxd4 Rf8 50. Kd3 b2 51. Nxb2 Rxb2 52. d7 Rbb8 53. Kd4 Rfd8 54. exd8=Q+ Rxd8 55. Ke5 Rxd7 56. Ke6 Rd2 57. g4 Rxh2 58. g5 Rf2 59. g6 hxg6 60. Ke7 g5 61. Ke6 Rf6+ 62. Ke5 g4 63. Ke4 g3 64. Ke3 g2 65. Ke2 g1=Q 66. Kd3 Qg5 67. Ke4 Qf5+ 68. Ke3 Re6+ 69. Kd4 Qf7 70. Kc5 Qd7 0-1

[Event "Late-Titled-Tuesday-Blitz-April-23-2024"]
[Site "Chess.com"]
[Date "2024.04.23"]
[Round "10"]
[White "Evan_Attaker"]
[Black "ArtemDyachuk"]
[Result "1-0"]
[WhiteElo "2625"]
[BlackElo "2717"]
[TimeControl "180+1"]
[EndTime "15:58:53 PDT"]
[Termination "Evan_Attaker won on time"]

1. Nf3 Nf6 2. c4 e6 3. g3 d5 4. Bg2 dxc4 5. Qa4+ Nbd7 6. Qxc4 a6 7. Qc2 Rb8 8. O-O b5 9. a4 Bb7 10. d3 c5 11. b3 Bd6 12. Bb2 O-O 13. Nc3 Bc6 14. axb5 axb5 15. Ra6 Qc7 16. Rfa1 Rfc8 17. Nd2 Bxg2 18.
Kxg2 Be5 19. Nf3 Bxc3 20. Bxc3 Nd5 21. Ba5 Qb7 22. Bd2 Nb4 23. Bxb4 cxb4 24. Qd2 Nc5 25.
Ra7 Qd5 26. Rb1 Nxb3 27. Qxb4 Nc1 28. Qf4 e5 29. Qe3 Na2 30. Qxe5 Qxe5 31. Nxe5 Nc3 32.
Rb2 Nd1 33. Rd2 Nc3 34. Nxf7 b4 35. Nd6 Rf8 36. Nc4 b3 37. Ra3 Nb1 38. Rb2 Nxa3 39. Nxa3 Rf6 40. Nb1 Rc6 41. Nd2 Rc3 42. Kf3 Rf8+ 43.
Ke3 Re8+ 44. Ne4 g6 45. Kd2 Rc2+ 46. Rxc2 bxc2 47. Kxc2 Rc8+ 48. Kd2 Kg7 49. Ke3 Ra8 50. h4 Ra1 51. Kf3 Rb1 52. e3 Rd1 53. d4 h6 54.
Nc3 Rc1 55. Ne4 Kf7 56. Kf4 Ke6 57. f3 Rc8 58. Nf2 Rf8+ 59. Ke4 Kd6 60. Ng4 Re8+ 61.
Ne5 h5 62. Kd3 1-0

[Event "Late-Titled-Tuesday-Blitz-April-23-2024"]
[Site "Chess.com"]
[Date "2024.04.23"]
[Round "10"]
[White "MKlose11"]
[Black "mortngabriel"]
[Result "1-0"]
[WhiteElo "2618"]
[BlackElo "2465"]
[TimeControl "180+1"]
[EndTime "15:58:54 PDT"]
[Termination "MKlose11 won on time"]

1. e4 c5 2. Nc3 Nc6 3. g3 g6 4.
Bg2 Bg7 5. d3 d6 6. Be3 Rb8 7.
Qd2 b5 8. Nge2 b4 9. Nd1 Nd4 10. O-O Nxe2+ 11. Qxe2 Nf6 12. h3 O-O 13. Qd2 Ba6 14. Bh6 c4 15. Bxg7 Kxg7 16. Ne3 cxd3 17. cxd3 Qb6 18. Rfc1 Rfc8 19. d4 e5 20. dxe5 dxe5 21.
Nd5 Nxd5 22. exd5 Qd4 23. Qxd4 exd4 24. Rxc8 Rxc8 25. Rd1 d3 26. Bf1 Rc5 27. Bxd3 Rxd5 28. Be2 Rxd1+ 29. Bxd1 Bc4 30. a3 bxa3 31. bxa3 Kf6 32.
f4 Ke6 33. Kf2 Kd5 34. Ke3 Bf1 35. Bb3+ Bc4 36. Ba4 Bf1 37. h4 f6 38. Bb3+ Bc4 39. Bc2 a5 40. h5 f5 41. h6 Kc5 42. Ba4 Bg8 43. Kd3 Bc4+ 44. Kc3 Bg8 45. Bd1 Kd5 46. Bf3+ Kc5 47. Bg2 Bd5 48. Bf1 Bg8 49. Be2 Bf7 50. g4 Be6 51. g5 Bf7 52. Bd3 Bg8 53. Ba6 Bf7 54. Bc8 Bg8 55. Kd3 Bf7 56. Bd7 Kd6 57. Bb5 Kc5 58. Ba6 Bg8 59. Bb7 Bf7 60. Bc8 Bg8 61.
Bd7 Kd6 62. Be8 Kc5 63. Kc3 Kd5 64. Kd3 Kc5 65. Ke3 Kd5 66. Ba4 Kc5 67. Kd3 Bc4+ 68.
Kc3 Bg8 69. Be8 Kd5 70. Kb3 Kc5+ 71. Ka4 Kb6 72. Bd7 Kc7 73. Bb5 Kb6 74. Be8 Ka6 75.
Bb5+ Kb6 76. Bd7 Ka6 77. Be6 Kb6 78. Bxg8 1-0